 Dungeon Crawl Stone Soup version 0.18.1-50-g88ac8fd (webtiles) character file.

82781 Amnesiac the Grand Gadgeteer (level 15, -6/76 HPs)
             Began as a Vine Stalker Fighter on Mar 10, 2018.
             Was the Champion of Pakellas.
             Killed from afar by a deep elf mage (21 damage)
             ... with a bolt of lightning
             ... on level 2 of the Elven Halls.
             The game lasted 00:58:51 (12992 turns).

Amnesiac the Grand Gadgeteer (VSFi)                Turns: 12992, Time: 00:58:51

Health: -6/76      AC: 26    Str: 25    XL:     15   Next: 74%
Magic:  0/37       EV: 10    Int: 14    God:    Pakellas [******]
Gold:   1257       SH: 17    Dex: 18    Spells: 5 memorised, 3 levels left

rFire  + . .     SeeInvis .     a - +2 dagger (drain)
rCold  . . .     Gourm    .     Y - +3 plate armour {MR+}
rNeg   . . .     Faith    .     H - +0 large shield
rPois  .         Spirit   +     k - +2 hat
rElec  .         Dismiss  .     A - +0 cloak
rCorr  .         Reflect  .     X - +2 pair of gloves "Aseyst" {Int+6 Dex+4}
SustAt .         Harm     +     x - +2 pair of boots
MR     ++...     Clarity  +     J - amulet of harm
Stlth  +.........               q - ring of magical power
                                o - ring of protection from fire

@: lethally poisoned (-6 -> -6), very resistant to hostile enchantments, very
unstealthy
A: fangs 3, repulsion field 1, clarity, regeneration 3, magic shield, antimagic
bite, no device heal 3, rot immunity, MP-powered wands
a: Quick Charge, Device Surge, Supercharge, Renounce Religion


You were on level 2 of the Elven Halls.
You worshipped Pakellas.
Pakellas was exalted by your worship.
You were not hungry.

You visited 3 branches of the dungeon, and saw 15 of its levels.
You also visited: Labyrinth.

You collected 1742 gold pieces.
You spent 485 gold pieces at shops.

Inventory:

Hand Weapons
 a - a +2 dagger of draining (weapon)
 v - the cursed +0 shortbow of Disembowelment {velocity, rC++ Int+4 Dex-2, unknown}
   (You found it on level 1 of the Elven Halls)

   Any arrow fired from it inflicts extra damage.
   It affects your intelligence (+4).
   It affects your dexterity (-2).
   It greatly protects you from cold.
   It has a curse placed upon it.
Missiles
 Q - a throwing net (quivered)
 W - 20 poisoned needles
Armour
 k - a +2 hat (worn)
 x - a +2 pair of boots (worn)
 A - a +0 cloak (worn)
 H - a +0 large shield (worn)
 X - the +2 pair of gloves "Aseyst" (worn) {Int+6 Dex+4}
   (You bought it in a shop on level 2 of the Orcish Mines)

   It affects your intelligence (+6).
   It affects your dexterity (+4).
 Y - a +3 plate armour of magic resistance (worn)
Rods
 b - a +4 iron rod (10/10)
   (Pakellas gifted it to you on level 10 of the Dungeon)
Jewellery
 n - an uncursed ring of resist corrosion
 o - a ring of protection from fire (left hand)
 q - a ring of magical power (right hand)
 J - an amulet of harm (around neck)
 K - an uncursed ring of ice
Wands
 g - a wand of confusion (48/48)
 D - a wand of enslavement (22/24)
 I - a wand of iceblast (9/15)
 P - a wand of acid (12/15)
 R - a wand of lightning (15/15)
Scrolls
 m - 4 scrolls of teleportation {!r}
 p - a scroll of enchant weapon {!r}
 t - 2 scrolls of fear {!r}
 y - 13 scrolls of remove curse {!r}
 E - 2 scrolls of fog {!r}
 G - a scroll of enchant armour {!r}
 U - a scroll of identify {!r}
Potions
 d - a potion of might {!q}
 e - a potion of cure mutation {!q}
 h - a potion of agility {!q}
 i - a potion of resistance {!q}
 j - 8 potions of curing {!q}
 l - a potion of haste {!q}
 r - 2 potions of ambrosia {!q}
 u - a potion of heal wounds {!q}
 L - 3 potions of flight {!q}
 O - a potion of invisibility {!q}
 S - 5 potions of magic {!q}
Miscellaneous
 s - a plain deck of changes {drawn: 2}
 w - a sack of spiders {used: 7}
 z - a phantom mirror
 F - a plain deck of changes
 N - a lamp of fire
 T - a plain deck of changes {drawn: 2}
Comestibles
 c - 3 chunks of flesh
 f - 16 bread rations
 B - 2 fruits
 C - 9 beef jerkies
 M - 9 slices of pizza
 V - 2 meat rations


   Skills:
 + Level 7.6 Fighting
 - Level 8.0 Short Blades
 + Level 7.3 Armour
 + Level 7.3 Dodging
 - Level 12.0 Stealth
 + Level 7.6 Shields
 * Level 16.5 Evocations


You had 3 spell levels left.
You knew the following spells:

 Your Spells              Type           Power        Failure   Level  Hunger
a - Ozocubu's Armour      Chrm/Ice       #.......     100%        3    ####...
b - Apportation           Tloc           #.........   100%        1    ##.....
c - Passage of Golubria   Tloc           N/A          100%        4    #####..
d - Summon Butterflies    Summ           #.......     100%        1    ##.....
v - Blink                 Tloc           N/A          100%        2    ###....


Dungeon Overview and Level Annotations

Branches:
Dungeon (11/15)            Temple (0/1) D:4            Lair (0/8) D:8
    Orc (2/2) D:11            Elf (2/3) Orc:2

Altars:
Ashenzari
Cheibriados
Dithmenos
Elyvilon
Gozag
Nemelex Xobeh
Okawaru
Pakellas
Sif Muna
Yredelemnul
Zin

Shops:
D:4 %   D:11 [   Orc:2 [*(=


Innate Abilities, Weirdness & Mutations

You have razor-sharp teeth.
You regenerate.
When hurt, damage is shared between your health and your magic reserves.
Your bite disrupts and absorbs the magic of your enemies.
Potions and wands cannot restore your health.
You are immune to rotting.
You are surrounded by a mild repulsion field (EV +2).
You possess an exceptional clarity of mind.
You expend magic power (3 MP) to strengthen your wands.


Message History

You feel your power returning.
Your life force feels restored.
The bolt of acid misses the deep elf knight.
This wand has 13 charges left.
You feel sick.
The deep elf knight blocks your orb spider's attack. 2 deep elf magi come into view.
Evoke which item? (* to show all) (? for menu, Esc to quit)
Zapping:
P - a wand of acid (13/15)
Press: ? - help, Shift-Dir - straight line, f - deep elf knight
Aim: a deep elf knight, wielding a short sword, wearing a leather armour and wearing a shiny buckler (moderately wounded)
The bolt of acid misses the deep elf knight.
This wand has 12 charges left.
The deep elf mage casts a spell at you. The sticky flame hits your orb spider.
Your orb spider dies!
Your orb spider's corpse disappears in a puff of smoke!
The deep elf knight mumbles some strange words.
The deep elf knight flickers and vanishes!
Deactivating autopickup; reactivate with Ctrl-A.
The deep elf mage moves out of view.
A hand axe of chopping comes into view.
Evoke which item? (* to show all) (? for menu, Esc to quit)
Zapping:
D - a wand of enslavement (24/24)
Press: ? - help, Shift-Dir - straight line, f - tarantella
Aim: a tarantella (chance to defeat MR: 81%)
The tarantella barely resists.
This wand has 23 charges left.
The tarantella bites you but does no damage.
Evoke which item? (* to show all) (? for menu, Esc to quit)
Zapping:
D - a wand of enslavement (23/24)
Press: ? - help, Shift-Dir - straight line, f/p - tarantella
Aim: a tarantella (clinging, chance to defeat MR: 81%)
The tarantella is charmed.
This wand has 22 charges left.
You feel sick. Something hits your tarantella. What do you say? t - Shout!
Orders for allies: a - Attack new target. p - Attack previous target. r - Retreat! s - Stop attacking. w - Wait here. f - Follow me.
Anything else - Stay silent.
Wait here!
You hear a shout! x2; You hear a roar!
Something hits your tarantella.
Something blocks your tarantella's attack.
The jumping spider closely misses your tarantella.
The jumping spider bites your tarantella but does no damage.
Something completely misses your tarantella.
The jumping spider pounces on your tarantella.
The jumping spider bites your tarantella.
The jumping spider leaps!
Something hits your tarantella!!
The deep elf mage gestures wildly while chanting.
The deep elf mage blinks!
Items here: % ))) รท a dagger; a rapier of draining; a short sword of venom; a chunk of flesh an elf skeleton You feel sick.
You block the jumping spider's attack.
The jumping spider bites you but does no damage.
The deep elf mage gestures at you while chanting.
The bolt of lightning hits you!
* * * LOW HITPOINT WARNING * * *
The jumping spider closely misses you. You block the jumping spider's attack.
The deep elf mage gestures at you while chanting.
The bolt of lightning hits something.
The bolt of lightning hits you!
You die...
Pakellas says: Time to start the next experiment...

#......{. ... #....)#
.... #.e)# .....
##..## #.....
##.)^.###......
#......#.......
##....s).......
##............
##..@s.##...##
##.....## .## #.....##
# ### # #..)...## #.#
# ##......# #.## #
##.....# #..# #
##...).## ####..# #
##..#...'####.....####
#...#...'#...........#


You could see a deep elf mage, a jumping spider and a friendly tarantella.

Vanquished Creatures
  2 orc warlords
  Aizul (Elf:2)
  Nessos (Orc:2)
  A deep elf demonologist (Elf:1)
  A minotaur (Lab)
  A deep elf high priest (Elf:1)
  23 dancing weapons
  5 orc high priests (Orc:2)
  14 deep elf knights
  16 deep elf archers
  A hill giant (D:10)
  An orc knight (Orc:2)
  56 deep elf magi
  3 orc sorcerers
  2 ugly things (D:11)
  A cyclops (Orc:1)
  A manticore (D:11)
  A centaur zombie (D:11)
  Joseph (D:10)
  An eye of devastation (shapeshifter) (Elf:2)
  4 trolls
  A raiju (shapeshifter) (Elf:2)
  Sigmund (D:3)
  3 air elementals
  3 water elementals
  A human (D:7)
  3 wyverns
  A fire elemental (Elf:2)
  A vampire mosquito (D:11)
  2 hungry ghosts
  A hog (D:7)
  Menkaure (D:5)
  2 hippogriffs
  A mottled dragon (D:11)
  A warg (Orc:2)
  A soldier ant (D:11)
  Duvessa (D:7)
  4 ice beasts
  27 orc warriors
  A black bear (D:7)
  3 sky beasts
  A necrophage (D:9)
  8 ogres
  The ghost of Amnesiac the Cutter, an amateur MfFi (D:5)
  The ghost of Amnesiac the Cutter, an amateur MfFi (D:3)
  12 centaurs
  3 earth elementals
  5 giant frogs
  Dowan (D:7)
  4 scorpions
  15 killer bees
  A wight (D:11)
  A crimson imp (D:11)
  A giant frog zombie (D:9)
  A wasp zombie (D:9)
  A quasit (D:8)
  4 hounds
  3 jellies
  A giant frog skeleton (D:6)
  13 orc priests
  16 orc wizards
  4 iguanas
  10 worker ants
  3 sheep (D:7)
  A hound skeleton (D:6)
  12 adders
  2 shadow imps
  An adder zombie (D:8)
  An adder skeleton (D:10)
  3 worms
  A dart slug (D:4)
  3 giant geckos
  73 orcs
  2 ball pythons
  12 bats
  4 giant cockroaches
  2 gnoll zombies (D:8)
  4 goblins
  6 hobgoblins
  8 jackals
  3 quokkas
  A ball python skeleton (D:4)
  7 giant newts
  9 kobolds
  A quokka skeleton (D:6)
  A quokka zombie (D:5)
  7 rats
  A fungus (Orc:2)
471 creatures vanquished.

Vanquished Creatures (collateral kills)
  Rupert (Orc:2)
  An orc warlord (Orc:2)
  A stone giant (Orc:1)
  The ghost of Amnesiac the Grand Gadgeteer, a journeyman MfFi of Pakellas (Orc:1)
  A dancing weapon (Elf:2)
  An orc high priest (Orc:2)
  A deep elf knight (Elf:2)
  An orc sorcerer (Orc:2)
  A two-headed ogre (D:9)
  2 wargs (Orc:2)
  An ogre (Orc:2)
  4 orc warriors
  An orc wizard (Orc:2)
  An orc priest (Orc:2)
  A killer bee zombie (D:9)
  2 orcs (Orc:2)
21 creatures vanquished.

Vanquished Creatures (others)
  An orc wizard (Orc:2)
  An orc (D:9)
  3 fungi (Orc:2)
5 creatures vanquished.

Grand Total: 497 creatures vanquished

Notes
Turn   | Place    | Note
--------------------------------------------------------------
     0 | D:1      | Amnesiac the Vine Stalker Fighter began the quest for the Orb.
     0 | D:1      | Reached XP level 1. HP: 11/11 MP: 2/2
    48 | D:2      | Found an oddly glowing altar of Pakellas.
    58 | D:2      | Became a worshipper of Pakellas the Inventive
   197 | D:1      | Reached XP level 2. HP: 16/16 MP: 3/3
   266 | D:1      | Reached skill level 1 in Evocations
   309 | D:1      | Reached * piety under Pakellas
   309 | D:1      | Received a gift from Pakellas
   501 | D:1      | Found a snail-covered altar of Cheibriados.
   776 | D:2      | Reached XP level 3. HP: 4/19 MP: 3/5
   836 | D:2      | Reached skill level 2 in Evocations
   968 | D:2      | Found a sparkling altar of Nemelex Xobeh.
  1300 | D:2      | Reached XP level 4. HP: 23/23 MP: 3/6
  1327 | D:3      | Noticed Amnesiac's ghost (amateur MfFi)
  1356 | D:3      | Killed Amnesiac's ghost
  1356 | D:3      | Reached skill level 3 in Evocations
  1356 | D:3      | Reached XP level 5. HP: 16/27 MP: 4/8
  1418 | D:3      | Reached ** piety under Pakellas
  1418 | D:3      | Received a gift from Pakellas
  1664 | D:3      | Noticed Sigmund
  1682 | D:3      | Killed Sigmund
  1682 | D:3      | Reached skill level 4 in Evocations
  1682 | D:3      | Gained mutation: You heal very quickly. [Vine Stalker growth]
  1682 | D:3      | Reached XP level 6. HP: 9/32 MP: 6/10
  1821 | D:3      | Found a deep blue altar of Sif Muna.
  1851 | D:3      | Found an iron altar of Okawaru.
  1988 | D:3      | Reached XP level 7. HP: 33/35 MP: 11/11
  2142 | D:4      | Found Jimoulox's Food Shoppe.
  2328 | D:4      | Found a staircase to the Ecumenical Temple.
  2423 | D:4      | Reached skill level 5 in Short Blades
  2423 | D:4      | Reached skill level 5 in Evocations
  2506 | D:4      | Found an opulent altar of Gozag.
  2507 | D:4      | Found a glowing silver altar of Zin.
  2719 | D:5      | Entered Level 5 of the Dungeon
  2994 | D:5      | Noticed Menkaure
  2995 | D:5      | Killed Menkaure
  3027 | D:5      | Noticed Amnesiac's ghost (amateur MfFi)
  3054 | D:5      | Killed Amnesiac's ghost
  3054 | D:5      | Gained mutation: You have razor-sharp teeth. [Vine Stalker growth]
  3054 | D:5      | Reached XP level 8. HP: 30/39 MP: 13/13
  3116 | D:5      | Reached *** piety under Pakellas
  3116 | D:5      | Received a gift from Pakellas
  3213 | D:5      | Reached skill level 6 in Evocations
  3795 | D:6      | Reached skill level 7 in Evocations
  3912 | D:6      | Reached XP level 9. HP: 43/43 MP: 15/15
  4105 | D:6      | Found an iron altar of Okawaru.
  4105 | D:6      | Found a white marble altar of Elyvilon.
  4423 | D:7      | Noticed Duvessa
  4423 | D:7      | Noticed Dowan
  4431 | D:7      | Killed Duvessa
  4444 | D:7      | Killed Dowan
  4503 | D:7      | Reached **** piety under Pakellas
  4503 | D:7      | Received a gift from Pakellas
  4545 | D:7      | Reached skill level 8 in Evocations
  4550 | D:7      | Reached skill level 1 in Dodging
  4986 | D:8      | Found a shadowy altar of Dithmenos.
  5172 | D:8      | Found a staircase to the Lair.
  5258 | D:8      | Reached XP level 10. HP: 49/49 MP: 17/17
  5270 | D:8      | Found a basalt altar of Yredelemnul.
  5990 | D:9      | Gained mutation: You expend magic power (3 MP) to strengthen your wands. [potion of mutation]
  5990 | D:9      | Gained mutation: You are frail (-10% HP). [potion of mutation]
  5990 | D:9      | Gained mutation: You are occasionally teleported next to monsters. [potion of mutation]
  5991 | D:9      | Lost mutation: You are occasionally teleported next to monsters. [potion of cure mutation]
  5991 | D:9      | Lost mutation: You expend magic power (3 MP) to strengthen your wands. [potion of cure mutation]
  5991 | D:9      | Lost mutation: You are frail (-10% HP). [potion of cure mutation]
  6262 | D:9      | Found a shattered altar of Ashenzari.
  6565 | D:10     | Entered Level 10 of the Dungeon
  6571 | D:10     | Reached ***** piety under Pakellas
  6571 | D:10     | Received a gift from Pakellas
  6618 | D:10     | Noticed a hill giant
  6621 | D:10     | Killed a hill giant
  6630 | D:10     | Got a heavily runed leather armour
  6641 | D:10     | Identified the +0 leather armour "Jyuxt" {+Fly Slay+3} (You found it on level 10 of the Dungeon)
  6787 | D:10     | Reached skill level 9 in Evocations
  7025 | D:10     | Noticed Joseph
  7043 | D:10     | Killed Joseph
  7216 | D:10     | Reached XP level 11. HP: 48/54 MP: 18/18
  7283 | D:11     | Found Omytonk's Antique Armour Shop.
  7286 | D:11     | Noticed a brown ugly thing
  7310 | D:11     | Killed a brown ugly thing
  7310 | D:11     | Reached skill level 5 in Shields
  7358 | D:11     | Noticed a red ugly thing
  7416 | D:11     | Killed a red ugly thing
  7416 | D:11     | Reached skill level 5 in Fighting
  7416 | D:11     | Reached skill level 5 in Dodging
  7435 | D:11     | Noticed a manticore
  7440 | D:11     | Killed a manticore
  7440 | D:11     | Reached skill level 5 in Armour
  7679 | D:11     | Reached skill level 10 in Evocations
  7730 | D:11     | Found a staircase to the Orcish Mines.
  7934 | D:11     | Learned a level 3 spell: Ozocubu's Armour
  8185 | Orc:1    | Entered Level 1 of the Orcish Mines
  8185 | Orc:1    | Noticed a cyclops
  8196 | Orc:1    | Killed a cyclops
  8241 | Orc:2    | Entered Level 2 of the Orcish Mines
  8316 | Orc:2    | Reached skill level 11 in Evocations
  8323 | Orc:2    | Noticed an orc high priest
  8329 | Orc:2    | Noticed a sixfirhy
  8330 | Orc:2    | Killed an orc high priest
  8331 | Orc:2    | Found Niuhelom's Antique Weapon Emporium.
  8332 | Orc:2    | Noticed an orc high priest
  8341 | Orc:2    | Killed an orc high priest
  8381 | Orc:2    | Noticed an orc warlord
  8403 | Orc:2    | Killed an orc warlord
  8403 | Orc:2    | Reached skill level 12 in Evocations
  8403 | Orc:2    | Gained mutation: You regenerate. [Vine Stalker growth]
  8403 | Orc:2    | Reached XP level 12. HP: 37/60 MP: 19/22
  8406 | Orc:2    | Reached ****** piety under Pakellas
  8426 | Orc:2    | Noticed an orc high priest
  8430 | Orc:2    | Noticed an orc high priest
  8430 | Orc:2    | Noticed an orc high priest
  8434 | Orc:2    | Noticed a sun demon
  8434 | Orc:2    | Killed an orc high priest
  8436 | Orc:2    | Noticed Rupert
  8436 | Orc:2    | Killed an orc high priest
  8439 | Orc:2    | Killed an orc high priest
  8447 | Orc:2    | Killed Rupert
  8447 | Orc:2    | Reached skill level 13 in Evocations
  8463 | Orc:2    | Found Atteleysmy's General Store.
  8467 | Orc:2    | Found a staircase to the Elven Halls.
  8480 | Orc:2    | Noticed an orc warlord
  8480 | Orc:2    | Found Ximacw's Antique Armour Boutique.
  8480 | Orc:2    | Noticed an orc high priest
  8500 | Orc:2    | Noticed a sun demon
  8558 | Orc:2    | Killed an orc warlord
  8561 | Orc:2    | Killed an orc high priest
  8562 | Orc:2    | Reached skill level 14 in Evocations
  8599 | Orc:2    | Found Asijaps's Jewellery Shoppe.
  8619 | Orc:2    | Found a labyrinth entrance.
  8628 | Lab      | Entered a labyrinth
  8892 | Lab      | Noticed a minotaur
  8915 | Lab      | Killed a minotaur
  8948 | Lab      | Learned a level 1 spell: Apportation
  8951 | Lab      | Learned a level 2 spell: Blink
  8956 | Lab      | Learned a level 4 spell: Passage of Golubria
  9212 | Orc:1    | Noticed an orc warlord
  9220 | Orc:1    | Reached XP level 13. HP: 57/63 MP: 24/24
  9247 | Orc:1    | Killed an orc warlord
  9658 | Orc:2    | Noticed Nessos
  9673 | Orc:2    | Killed Nessos
  9853 | Orc:1    | Noticed Amnesiac's ghost (journeyman MfFi)
  9857 | Orc:1    | Noticed a stone giant
  9870 | Orc:1    | Killed a stone giant
  9870 | Orc:1    | Reached skill level 15 in Evocations
  9871 | Orc:1    | Killed Amnesiac's ghost
 10055 | Orc:2    | Bought a plain deck of changes for 210 gold pieces
 10073 | Orc:2    | Bought a pair of spiked gloves for 275 gold pieces
 10083 | Orc:2    | Identified the +2 pair of gloves "Aseyst" {Int+6 Dex+4} (You bought it in a shop on level 2 of the Orcish Mines)
 10098 | Elf:1    | Entered Level 1 of the Elven Halls
 10116 | Elf:1    | Reached skill level 5 in Stealth
 10513 | Elf:1    | Got an encrusted shortbow
 10519 | Elf:1    | Reached skill level 10 in Stealth
 10627 | Elf:1    | Learned a level 1 spell: Summon Butterflies
 10692 | Elf:1    | Reached XP level 14. HP: 66/68 MP: 26/26
 10983 | Elf:1    | Noticed a deep elf demonologist
 10991 | Elf:1    | Killed a deep elf demonologist
 11962 | Elf:2    | Reached XP level 15. HP: 67/74 MP: 11/27
 12116 | Elf:2    | Noticed Aizul
 12128 | Elf:2    | Killed Aizul
 12128 | Elf:2    | Reached skill level 16 in Evocations
 12218 | Elf:2    | Gained mutation: You are occasionally teleported next to monsters. [mutagenic meat]
 12219 | Elf:2    | Gained mutation: You have sharp toenails. [mutagenic meat]
 12220 | Elf:2    | Gained mutation: You are frail (-10% HP). [potion of mutation]
 12220 | Elf:2    | Gained mutation: You are dopey. (Int -2) [potion of mutation]
 12220 | Elf:2    | Gained mutation: Your magical capacity is low (-10% MP). [potion of mutation]
 12221 | Elf:2    | Gained mutation: Your system is resistant to poisons. [potion of mutation]
 12221 | Elf:2    | Lost mutation: You are frail (-10% HP). [potion of mutation]
 12221 | Elf:2    | Gained mutation: You possess an exceptional clarity of mind. [potion of mutation]
 12222 | Elf:2    | Lost mutation: Your magical capacity is low (-10% MP). [potion of cure mutation]
 12222 | Elf:2    | Lost mutation: You have sharp toenails. [potion of cure mutation]
 12222 | Elf:2    | Lost mutation: You are occasionally teleported next to monsters. [potion of cure mutation]
 12222 | Elf:2    | Lost mutation: Your system is resistant to poisons. [potion of cure mutation]
 12222 | Elf:2    | Lost mutation: You are dopey. (Int -2) [potion of cure mutation]
 12247 | Elf:2    | Found a huge runed gate.
 12247 | Elf:2    | Found a huge runed gate.
 12249 | Elf:2    | Found a huge runed gate.
 12367 | Elf:2    | Gained mutation: You expend magic power (3 MP) to strengthen your wands. [mutagenic meat]
 12368 | Elf:2    | Gained mutation: You are surrounded by a mild repulsion field (EV +2). [mutagenic meat]
 12992 | Elf:2    | Killed from afar by a deep elf mage

Skill      XL: |  1  2  3  4  5  6  7  8  9 10 11 12 13 14 15 |
---------------+----------------------------------------------+-----
Short Blades   | 2 3 4 5 7 8 |  8.0
Evocations     | 1 2 3 4 5 7 8 9 12 14 15 16 | 16.5
Dodging        | 3 4 5 6 7 |  7.3
Armour         | 3 4 5 6 7 |  7.3
Shields        | 3 4 5 6 7 |  7.6
Fighting       | 3 4 5 6 7 |  7.6
Stealth        | 12 | 12.0

Action                   |  1- 3 |  4- 6 |  7- 9 | 10-12 | 13-15 || total
-------------------------+-------+-------+-------+-------+-------++-------
Melee: Rapier            |   123 |   105 |   262 |       |       ||   490
       Bite              |    28 |    27 |   151 |   247 |   238 ||   691
       Dagger            |       |       |   149 |   639 |   559 ||  1347
Invok: Quick Charge      |     3 |     3 |     3 |    10 |    14 ||    33
Evoke: Wand              |       |     6 |     5 |    58 |   100 ||   169
       Deck              |       |     2 |       |       |     2 ||     4
       Sack of spiders   |       |       |       |     5 |     2 ||     7
       Rod               |       |       |       |     3 |     3 ||     6
       Lamp of fire      |       |       |       |     1 |     1 ||     2
  Use: Scroll            |       |    11 |     2 |    10 |       ||    23
       Potion            |       |       |       |     6 |     3 ||     9
 Stab: Confused          |       |       |     1 |     8 |     4 ||    13
       Invisible         |       |       |       |     1 |       ||     1
       Held in net/web   |       |       |       |       |     1 ||     1
  Eat: Chunk             |     1 |     4 |    12 |    17 |    20 ||    54
Armor: Scale mail        |    77 |    50 |   140 |    56 |       ||   323
       Leather armour    |       |       |       |    59 |       ||    59
       Plate armour      |       |       |       |    57 |   161 ||   218
Dodge: Dodged            |    47 |    19 |    78 |   166 |    63 ||   373
Block: Shield            |    63 |    47 |   131 |   278 |     3 ||   522
       Large shield      |       |       |       |       |   295 ||   295
